AoeStats
← had_daddy

Migration

510251644Analyzed
1v1 RM · 2d ago on Sep 30, 2026· 52m 44s· 2 players
Game mode
Random Map
Map size
132×132
Population
200
Speed
Normal
Resources
Standard
Victory
Conquest
Starting age
Dark Age
Ending age
Imperial Age
RankedLock teamsTeams togetherTeam positionsShared explorationLock speedFull tech treeHidden civsTurbo modeCheats
Victory
Defeat
🇳🇿 Vietnamese · New Zealand
893
+17
🇦🇷 Vietnamese · Argentina
909
-17
had_daddy
11:16 Loom
13:07 Feudal Age
14:41 Double-Bit Axe
15:14 Fishing Lines
18:06 Castle Age
16:42 Wheelbarrow
15:53 Town Watch
19:07 Medium Warships
23:24 Gillnets
27:44 Fletching
28:05 Forging
27:56 Padded Archer Armor
31:22 Imperial Age
29:21 Ballistics
28:57 Murder Holes
31:34 Bodkin Arrow
31:55 Leather Archer Armor
34:37 Chemistry
45:42 Iron Casting
45:34 Pikeman
46:10 Elite Cannon Galleon
HUGO QPA
11:19 Feudal Age
11:49 Town Watch
11:51 Loom
12:01 Fishing Lines
13:46 Double-Bit Axe
17:48 Castle Age
15:55 Stone Mining
15:59 Gold Mining
15:59 Loom
19:24 Forging
19:08 Fletching
19:33 Town Patrol
20:26 Bow Saw
22:10 Gillnets
23:09 Bodkin Arrow
23:16 Padded Archer Armor
24:47 Wheelbarrow
27:33 Leather Archer Armor
36:04 Forging
36:32 Forging
36:28 Scale Barding Armor
36:48 Hand Cart
37:48 Iron Casting
39:36 Scale Barding Armor
43:36 Husbandry
43:47 Bloodlines
45:37 Chain Barding Armor
48:33 Imperial Age
46:19 Hand Cart
48:40 Cavalier
51:16 Block Printing
51:32 Illumination
52:10 Theocracy
Connection lost

Rejoining the realm…

Still unreachable

The connection could not be restored.

Session expired

The server has moved on; the page needs a fresh start.